 Dungeon Crawl Stone Soup version 0.18.1-50-g88ac8fd (webtiles) character file.

77 go0n the Ruffian (level 4, -3/44 HPs)
             Began as a Troll Berserker on Sept 29, 2016.
             Was a Believer of Trog.
             Slain by a crocodile (11 damage)
             ... in a sewer.
             The game lasted 00:07:10 (1609 turns).

go0n the Ruffian (Troll Berserker)                  Turns: 1609, Time: 00:07:10

Health: -3/44      AC:  7    Str: 26    XL:     4   Next: 13%
Magic:  3/3        EV: 10    Int:  3    God:    Trog [**....]
Gold:   81         SH:  0    Dex:  9    Spells: 0 memorised, 3 levels left

rFire  . . .     SeeInvis .       - Unarmed
rCold  . . .     Gourm    +     p - +2 robe {MR+}
rNeg   . . .     Faith    .     (no shield)
rPois  .         Spirit   .     (helmet restricted)
rElec  .         Dismiss  .     (no cloak)
rCorr  .         Reflect  .     (gloves unavailable)
SustAt .         Harm     .     (boots unavailable)
MR     +....                    l - amulet of the gourmand
Stlth  ++........               j - ring of stealth
                                h - +3 ring of slaying

@: somewhat resistant to hostile enchantments, unstealthy
A: unfitting armour, claws 3, fast metabolism 3, gourmand, regeneration 2,
shaggy fur 1, tough skin 2
a: Berserk, Trog's Hand, Burn Spellbooks, Renounce Religion


You were in a sewer.
You worshipped Trog.
Trog was pleased with you.
You were not hungry.

You visited 1 branch of the dungeon, and saw 3 of its levels.
You also visited: Sewer.

You collected 81 gold pieces.

Inventory:

Armour
 a - a +0 animal skin
 p - a +2 robe of magic resistance (worn)
Jewellery
 h - a +3 ring of slaying (left claw)
 j - a ring of stealth (right claw)
 l - an amulet of the gourmand (around neck)
Scrolls
 g - 2 scrolls of identify
 k - a scroll of recharging {unknown}
 n - a scroll of fog {unknown}
 o - a scroll of teleportation {unknown}
 s - 2 scrolls of random uselessness {unknown}
 t - 2 scrolls of blinking {unknown}
 w - a scroll of fear {unknown}
Potions
 d - a potion of heal wounds {unknown}
 e - a potion of flight
 f - a potion of berserk rage
 i - a potion of curing {unknown}
 m - 2 potions of mutation {unknown}
 r - a potion of resistance {unknown}
 v - 2 potions of agility {unknown}
Books
 q - a book of Annihilations

   Spells                             Type                      Level
   a - Poison Arrow                   Conjuration/Poison           6
   b - Chain Lightning                Conjuration/Air              8
   c - Lehudib's Crystal Spear        Conjuration/Earth            8
   d - Glaciate                       Conjuration/Ice              9
   e - Fire Storm                     Conjuration/Fire             9
   Trog disapproves of the use of such an item.
Comestibles
 b - 2 bread rations
 c - 6 fruits


   Skills:
 + Level 2.7 Fighting
 * Level 3.4 Dodging
 + Level 0.1 Stealth
 + Level 3.6 Unarmed Combat


You had 3 spell levels left.
You didn't know any spells.

Dungeon Overview and Level Annotations

Branches:
Dungeon (3/15)

Altars:
Ashenzari


Innate Abilities, Weirdness & Mutations

You are too large for most types of armour.
You have claws for hands.
Your metabolism is lightning-fast.
You like to eat raw meat.
You heal very quickly.
You are covered in fur (AC +1).
You have very tough skin (AC +2).


Message History

The crocodile is moderately wounded.
The crocodile bites you!
You scratch the crocodile but do no damage.
The crocodile is moderately wounded.
The crocodile barely misses you.
You barely miss the crocodile.
The crocodile is moderately wounded.
The crocodile bites you!
* * * LOW HITPOINT WARNING * * *
You scratch the crocodile.
The crocodile is heavily wounded.
The crocodile closely misses you.
You barely miss the crocodile.
The crocodile is heavily wounded.
The crocodile bites you.
* * * LOW HITPOINT WARNING * * *
You closely miss the crocodile.
The crocodile is heavily wounded.
The crocodile bites you!
You die...

#########
#?$#.#()#
#?.#≈#.$#
#@t.#
##≈≈.##
#.≈≈..#
#.≈≈..##
#...#...#
#.≈###..##
#... #...#
#..# ##..#
#.. #≈.#


You could see a crocodile.

Vanquished Creatures
  3 adders
  2 worms (D:2)
  4 bats
  4 giant cockroaches
  6 goblins
  4 hobgoblins
  2 jackals (Sewer)
  9 kobolds
  A quokka (D:2)
  4 ball pythons
  A giant newt (D:1)
  4 rats
44 creatures vanquished.

Notes
Turn   | Place    | Note
--------------------------------------------------------------
     0 | D:1      | go0n the Troll Berserker began the quest for the Orb.
     0 | D:1      | Reached XP level 1. HP: 22/22 MP: 0/0
    95 | D:1      | Reached XP level 2. HP: 27/29 MP: 1/1
   729 | D:2      | Reached ** piety under Trog
   852 | D:2      | Reached XP level 3. HP: 36/36 MP: 2/2
  1073 | D:2      | Found a shattered altar of Ashenzari.
  1485 | D:3      | Reached XP level 4. HP: 39/44 MP: 3/3
  1491 | D:3      | Found a glowing drain.
  1508 | Sewer    | Entered a sewer
  1597 | Sewer    | Noticed a crocodile
  1609 | Sewer    | Slain by a crocodile

Skill      XL: |  1  2 |
---------------+-------+-----
Dodging        | 3 |  3.4
Fighting       | |  2.7
Stealth        | |  0.1
Unarmed Combat | |  3.6

Action                   |  1- 3 |  4- 6 || total
-------------------------+-------+-------++-------
Melee: Unarmed           |    90 |    22 ||   112
       Punch             |     1 |       ||     1
  Use: Scroll            |     3 |       ||     3
       Potion            |     2 |       ||     2
 Stab: Sleeping          |     1 |       ||     1
  Eat: Chunk             |    12 |     2 ||    14
Armor: Animal skin       |    36 |       ||    36
       Robe              |     6 |    15 ||    21
Dodge: Dodged            |    59 |    20 ||    79
